 Dungeon Crawl Stone Soup version 0.31-a0-654-gbe3e110b4e (webtiles) character file.

Game seed: 4739584348840176080

1225 zenocrate the Ruffian (level 8, -4/48 HPs)
             Began as an Octopode Shapeshifter on Aug 29, 2023.
             Was an Initiate of Gozag.
             Slain by a yak (15 damage)
             ... on level 6 of the Dungeon.
             The game lasted 00:07:52 (5679 turns).

zenocrate the Ruffian (Octopode Shapeshifter)       Turns: 5679, Time: 00:07:53

Health: -4/48      AC:  1    Str: 16    XL:     8   Next: 47%
Magic:  8/8        EV: 13    Int: 18    God:    Gozag
Gold:   211        SH:  5    Dex: 11    Spells: 7/7 levels left

rFire   . .          .
                       - Unarmed
rCold   . . .        (no shield)
rNeg    . . .        (helmet currently unavailable)
rPois   .            v - amulet of reflection
rElec   .            u - ring of flight
rCorr   .            y - +6 ring of intelligence
SInv    .            (no ring)
Will    .....        (no ring)
Stlth   ++           (no ring)
HPRegen 0.28/turn    (no ring)
MPRegen 0.11/turn    (no ring)
                     (no ring)

%: reflection
@: beast-form, gold aura, flying, invisible
A: beast (slay +3), almost no armour, amphibious, 8 rings, camouflage 1,
gelatinous body 1, (nimble swimmer 1), tentacles
a: Begin Untransformation, Renounce Religion, Potion Petition, Call Merchant,
Bribe Branch


You were on level 6 of the Dungeon.
You worshipped Gozag.
Gozag was aware of your devotion.
You were a hulking beast.
You visited 2 branches of the dungeon, and saw 7 of its levels.

You collected 515 gold pieces.
You spent 220 gold pieces at shops.
You paid 84 gold pieces to Gozag.

Inventory:

Hand Weapons
 C - the +5 Lochaber axe {reach-cleave, Poleaxe Drain}
   (You found it on level 5 of the Dungeon)

   Poleaxe:   It uses either Axes or Polearms skill, whichever is higher.
   Drain:     It drains your maximum health when unequipped.
Missiles
 m - 5 javelins
 o - 4 poisoned darts (quivered)
Jewellery
 u - a ring of flight (left tentacle)
 v - an amulet of reflection (around mantle)
 y - a +6 ring of intelligence (right tentacle)
Talismans
 b - a beast talisman (active)
 c - a flux talisman
Wands
 a - a wand of iceblast (6)
 r - a wand of polymorph (5)
Scrolls
 e - a scroll of butterflies
 h - a scroll of noise {unknown}
 l - a scroll of enchant weapon {unknown}
 n - 2 scrolls of immolation
 p - a scroll of fear {unknown}
 q - a scroll of revelation {unknown}
 w - 3 scrolls of blinking {unknown}
 A - 2 scrolls of teleportation {unknown}
 B - a scroll of vulnerability {unknown}
Potions
 d - a potion of curing
 f - a potion of enlightenment
 g - 2 potions of resistance
 j - a potion of haste {unknown}
 s - a potion of might {unknown}
 t - a potion of heal wounds {unknown}
 x - a potion of mutation {unknown}
 z - a potion of brilliance {unknown}


   Skills:
 - Level 1.0 Fighting
 - Level 3.1 Dodging
 + Level 6.5 Unarmed Combat
 + Level 5.5 Evocations
 + Level 5.9 Shapeshifting


You had 7 spell levels left.
You didn't know any spells.
Your spell library was empty.

Dungeon Overview and Level Annotations

Branches:
Dungeon (6/15)             Temple (1/1) D:4

Altars:
Ashenzari
Cheibriados
Dithmenos
Elyvilon
Fedhas
Gozag
Hepliaklqana
Kikubaaqudgha
Makhleb
Nemelex Xobeh
Qazlal
Ru
Sif Muna
Trog
Uskayaw
Vehumet
Wu Jian
Xom
Yredelemnul
Zin
The Shining One

Shops:
D:5 *

Annotations:
D:4 2 runed translucent doors, ytrimaz's ghost, amateur OpSh


Innate Abilities, Weirdness & Mutations

You are a hulking beast.
Your limbs bulge with bestial killing power. (Slay +3)
You cannot wear most types of armour.
You are amphibious.
You can wear up to eight rings at the same time.
Your skin changes colour to match your surroundings (Stealth+).
Your rubbery body absorbs attacks. (AC +1, EV +1)
((You are camouflaged when in or above water. (Stealth+)))
You have tentacles for arms and can constrict up to eight enemies at once.


Message History

You tentacle-slap the yak.
The yak is severely wounded.
The yak gores you!
You bludgeon the yak! Your squeeze misses the yak.
The yak is almost dead.
The yak gores you!
You barely miss the yak. You squeeze the yak.
You kill the yak!
Unknown command.
You fade into invisibility!
The yak barely misses you.
Unknown command.
You tentacle-slap the yak but do no damage.
The yak is severely wounded.
The yak closely misses you.
Unknown command.
You catch the helpless yak completely off-guard!
You bludgeon the yak!
The yak is almost dead.
The yak gores you!
* * * LOW HITPOINT WARNING * * *
Unknown command.
Okay, then.
You barely miss the yak.
The yak is almost dead.
The yak closely misses you.
Unknown command.
You tentacle-slap the yak but do no damage.
The yak is almost dead.
Unknown command.
You closely miss the yak.
The yak bellows!
Your squeeze misses the yak.
The yak is almost dead.
Unknown command.
You completely miss the yak.
The yak is almost dead.
The yak gores you!
You die...
Your body crumbles into a pile of gold.

#############
##...........###########
..............YYh......#
#............#########'####
#..........Y.# #..(.....#
#............# #........#
#..?.........# #........#
#............# #........#
#............#####........#
#.#########.......##......#
. ..........+..>...#######


You could see 2 yaks.

Vanquished Creatures
  A yak (D:6)
  Edmund (D:5)
  A water moccasin (D:5)
  A black bear (D:4)
  An ogre (D:6)
  A centaur (D:6)
  A gnoll sergeant (D:5)
  2 scorpions
  A crimson imp (D:5)
  2 hounds
  Crazy Yiuf (D:5)
  An iguana (D:5)
  A sleepcap (D:6)
  An orc wizard (D:5)
  Robin (D:4)
  3 adders
  5 gnolls
  2 white imps (D:5)
  2 ufetubi
  2 worms
  5 dart slugs
  4 orcs
  5 bats
  5 endoplasms
  2 giant cockroaches (D:3)
  15 goblins
  6 hobgoblins
  4 jackals
  4 quokkas
  6 ball pythons
  4 frilled lizards
  14 kobolds
  3 rats
108 creatures vanquished.

Notes
Turn   | Place    | Note
-------+----------+-------------------------------------------
     0 | D:1      | zenocrate the Octopode Shapeshifter began the quest for the
                  | Orb.
     0 | D:1      | Reached XP level 1. HP: 13/13 MP: 1/1
   167 | D:1      | Reached XP level 2. HP: 11/18 MP: 2/2
   885 | D:2      | Reached XP level 3. HP: 20/23 MP: 3/3
  1057 | D:2      | Found a shimmering altar of Xom.
  1842 | D:3      | Reached XP level 4. HP: 24/28 MP: 4/4
  2297 | D:4      | Noticed Robin
  2414 | D:4      | Killed Robin
  2419 | D:3      | Reached skill level 4 in Unarmed Combat
  2419 | D:3      | Reached skill level 1 in Evocations
  2541 | D:4      | Found a runed translucent door.
  2542 | D:4      | Noticed ytrimaz's ghost (amateur OpSh)
  2563 | D:4      | Reached XP level 5. HP: 29/33 MP: 5/5
  2774 | D:4      | Found a white marble altar of Elyvilon.
  2945 | D:4      | Found a staircase to the Ecumenical Temple.
  2977 | Temple   | Entered the Ecumenical Temple
  3017 | Temple   | Became a worshipper of Gozag Ym Sagoz the Greedy
  3086 | D:4      | Noticed a black bear
  3090 | D:4      | Killed a black bear
  3091 | D:4      | Reached XP level 6. HP: 31/38 MP: 6/6
  3148 | D:4      | Found a runed translucent door.
  3595 | D:5      | Entered Level 5 of the Dungeon
  3817 | D:5      | Found the +5 Lochaber axe {reach-cleave, Poleaxe Drain}
  3876 | D:5      | Noticed a water moccasin
  3889 | D:5      | Killed a water moccasin
  3890 | D:5      | Reached skill level 5 in Unarmed Combat
  3890 | D:5      | Reached XP level 7. HP: 43/43 MP: 7/7
  4045 | D:5      | Found Iwafibb's General Store.
  4051 | D:5      | Noticed Edmund
  4062 | D:5      | Killed Edmund
  4063 | D:5      | Reached skill level 5 in Shapeshifting
  4070 | D:5      | Bought a wand of iceblast (6) for 172 gold pieces
  4070 | D:5      | Bought a scroll of identify for 24 gold pieces
  4070 | D:5      | Bought a scroll of identify for 24 gold pieces
  4507 | D:5      | Found a runed translucent door.
  4508 | D:5      | Noticed Crazy Yiuf
  4538 | D:5      | HP: 2/43 [gnoll/+1 vampiric whip[a gnoll sergeant] (9)]
  4687 | D:5      | HP: 2/43 [gnoll/+0 spear[a gnoll sergeant] (9)]
  5019 | D:5      | Reached XP level 8. HP: 20/48 MP: 8/8
  5254 | D:5      | Killed Crazy Yiuf
  5255 | D:5      | Reached skill level 6 in Unarmed Combat
  5430 | D:6      | Reached skill level 5 in Evocations
  5646 | D:6      | Noticed a yak
  5646 | D:6      | Noticed a yak
  5647 | D:6      | Noticed a yak
  5672 | D:6      | Killed a yak
  5679 | D:6      | Slain by a yak

Illustrated notes

Levels and vault maps discovered:
D:1:      scummos_arrival_hexagon, layout_basic, serial_forest,
          infiniplex_forest_lined_1, infiniplex_forest_clump_tiny,
          infiniplex_forest_lined_room_3, infiniplex_forest_fountain,
          infiniplex_forest_lined_corner, infiniplex_forest_lined_3,
          infiniplex_forest_end_3, minmay_gold_behind_fungi
D:2:      layout_loops_ring, basic_altar
D:3:      minmay_diamond_boxcup, layout_loops_ring, lexackson_kobold_supper
D:4:      layout_loops_ring, elyvilon_altar_1, temple_fountains,
          ebering_ghost_sewer_f, minmay_misc_feat_plants, uniq_robin
D:5:      layout_basic, serial_shops, shop_statue, minmay_fire_ice_demons,
          uniq_edmund, uniq_crazy_yiuf_cottage
D:6:      lemuel_ice_spiral_2, layout_basic
Temple:   mainiacjoe_temple_big_plus

Skill      XL: |  1  2  3  4  5  6  7  8 |
---------------+-------------------------+-----
Dodging        | 3 |  3.1
Unarmed Combat | 4 5 6 |  6.5
Evocations     | 1 2 3 4 5 |  5.5
Shapeshifting  | 4 5 |  5.9
Fighting       | |  1.0

Action                     |  1- 3 |  4- 6 |  7- 9 || total
---------------------------+-------+-------+-------++-------
  Melee: Unarmed           |    91 |    85 |    82 ||   258
         Constrict         |    19 |    21 |    12 ||    52
         Tentacles         |    18 |    20 |    19 ||    57
         Punch             |     3 |     4 |     3 ||    10
  Throw: Dart              |       |       |     4 ||     4
  Evoke: Wand              |       |       |     2 ||     2
    Use: Scroll            |     1 |       |     6 ||     7
         Potion            |       |     2 |     4 ||     6
   Stab: Sleeping          |    10 |    14 |     1 ||    25
         Invisible         |       |       |     1 ||     1
 Armour: Skin              |     4 |    20 |     8 ||    32
  Dodge: Dodged            |    50 |    41 |    33 ||   124
  Block: Other             |       |     2 |    10 ||    12

Table legend: (Time is in decaauts)
 A = Elapsed time spent in this place.
 B = Non-inter-level travel time spent in this place.
 C = Inter-level travel time spent in this place.
 D = Time resting spent in this place.
 E = Time spent auto-exploring this place.
 F = Levels seen in this place.
 G = Mean time per level.
                   A        B        C        D        E       F      G
               +--------+--------+--------+--------+--------+-----+--------+
         Total |   5663 |   5383 |    280 |      0 |   4573 |   7 |  809.0 |
       Dungeon |   5582 |   5377 |    205 |      0 |   4573 |   6 |  930.3 |
        Temple |     81 |      6 |     75 |      0 |      0 |   1 |   81.0 |
               +--------+--------+--------+--------+--------+-----+--------+

Top non-repeatable levels by time:
     D:5: 1520 daAuts
     D:4: 1331 daAuts
     D:3: 1011 daAuts
     D:1: 871 daAuts
     D:2: 561 daAuts
     D:6: 285 daAuts
  Temple: 81 daAuts
